 Dungeon Crawl Stone Soup version 0.27.1-1-g398f81649c (webtiles) character file.

Game seed: 16139346983771293079

126877 bnorton916 the Eclecticist (level 16, -26/103 HPs)
             Began as a Deep Elf Conjurer on Sept 9, 2021.
             Was a High Priest of Vehumet.
             Killed from afar by Arachne (27 damage)
             ... with a poison arrow
             ... on level 3 of the Spider Nest.
             The game lasted 01:44:17 (50627 turns).

bnorton916 the Eclecticist (Deep Elf Conjurer)     Turns: 50627, Time: 01:44:18

Health: -26/103    AC: 24    Str: 13    XL:     16   Next: 44%
Magic:  1/46       EV: 14    Int: 29    God:    Vehumet [*****.]
Gold:   1767       SH:  5    Dex: 19    Spells: 2/46 levels left

rFire    + . .     SeeInvis .   Y - +11 quarterstaff of Reason {vorpal, rPois rF+ Dex+6 Stlth-}
rCold    . . .     Faith    .   (shield currently unavailable)
rNeg     . . .     Spirit   .   u - +4 swamp dragon scales
rPois    +         Reflect  +   O - +1 hat {Stlth+}
rElec    .         Harm     .   I - +2 cloak
rCorr    .         Rampage  .   A - +2 pair of gloves {Str+3}
Will     ++...                  g - +2 pair of boots
Stlth    ++........             P - amulet of Muupeak {Reflect Str+4 SH+5}
HPRegen  0.27/turn              m - ring of willpower
MPRegen  0.30/turn              J - ring of magical power

@: lethally poisoned (-26 -> -40), studying 2 skills
A: no striking features
a: Renounce Religion


You were on level 3 of the Spider Nest.
You worshipped Vehumet.
Vehumet was extremely pleased with you.
You visited 4 branches of the dungeon, and saw 24 of its levels.

You collected 2306 gold pieces.
You spent 539 gold pieces at shops.

Inventory:

Hand Weapons
 Y - the +11 quarterstaff of Reason (weapon) {vorpal, rPois rF+ Dex+6 Stlth-}
   (You found it on level 3 of the Lair of Beasts)

   It inflicts extra damage upon your enemies.
   Dex:       It affects your dexterity (+6).
   rF:        It protects you from fire.
   rPois:     It protects you from poison.
   Stlth:     It makes you less stealthy.
Missiles
 M - 5 curare-tipped darts
Armour
 g - a +2 pair of boots (worn)
 u - +4 swamp dragon scales (worn)
 A - a +2 pair of gloves of strength (worn)
 I - a +2 cloak (worn)
 O - a +1 hat of stealth (worn)
Magical Staves
 R - a staff of earth
Jewellery
 m - a ring of willpower (left hand)
 H - a ring of flight
 J - a ring of magical power (right hand)
 L - a ring of protection from fire
 P - the amulet of Muupeak (around neck) {Reflect Str+4 SH+5}
   (You found it on level 11 of the Dungeon)

   [amulet of reflection]

   It reflects blocked missile attacks.
   Str:       It affects your strength (+4).
   SH:        It affects your SH (+5).
 Q - a ring of see invisible
Wands
 p - a wand of acid (6)
 v - a wand of paralysis (5)
 w - a wand of flame (13)
 z - a wand of iceblast (10)
 C - a wand of digging (9)
Scrolls
 b - a scroll of fog
 d - 4 scrolls of vulnerability
 f - 4 scrolls of brand weapon
 h - 4 scrolls of amnesia
 j - 5 scrolls of noise
 k - 2 scrolls of teleportation
 l - 5 scrolls of fear
 r - 3 scrolls of enchant weapon
 y - 5 scrolls of immolation
 E - 3 scrolls of identify
 K - a scroll of summoning
 N - a scroll of blinking
Potions
 a - a potion of cancellation
 c - a potion of haste
 e - 5 potions of curing
 i - 2 potions of brilliance
 n - 2 potions of invisibility
 o - 3 potions of berserk rage
 q - a potion of magic
 s - a potion of mutation
 t - a potion of resistance {unknown}
 F - a potion of might


   Skills:
 + Level 12.7 Fighting
 - Level 7.0 Armour
 - Level 7.0 Dodging
 - Level 2.4 Stealth
 - Level 15.6 Spellcasting
 - Level 14.2 Conjurations
 - Level 9.1 Hexes
 - Level 6.2 Summonings
 - Level 7.5 Translocations
 - Level 7.7 Fire Magic
 + Level 9.7 Ice Magic
 - Level 3.0 Air Magic
 - Level 11.7 Earth Magic
 - Level 2.0 Poison Magic


You had 2 spell levels left.
You knew the following spells:

 Your Spells              Type           Power      Damage    Failure   Level
a - Magic Dart            Conj           100%       1d8       0%          1
b - Searing Ray           Conj           100%       3d7       0%          2
c - Fulminant Prism       Conj/Hex       37%        3d18      1%          4
d - Iskenderun's Mystic   Conj/Tloc      72%        2d15      1%          4
e - Stone Arrow           Conj/Erth      100%       3d13      1%          3
f - Ozocubu's Refrigerat  Ice            34%        4d11      17%         7
g - Tukima's Dance        Hex            66%        N/A       1%          3
i - Iron Shot             Conj/Erth      39%        9d8       1%          6
j - Starburst             Conj/Fire      36%        6d11      1%          6
k - Mephitic Cloud        Conj/Pois/Air  56%        N/A       1%          3
l - Freezing Cloud        Conj/Ice/Air   33%        6-21      1%          5

Your spell library contained the following spells:

 Spells                   Type           Power      Damage    Failure   Level
 Summon Small Mammal      Summ           100%       N/A       1%          1
 Call Imp                 Summ           56%        N/A       1%          2
 Beastly Appendage        Tmut           44%        N/A       4%          1
 Pain                     Necr           88%        1d8       4%          1
 Sublimation of Blood     Necr           11%        N/A       6%          2
 Wereblood                Tmut           22%        N/A       6%          2
 Call Canine Familiar     Summ           56%        N/A       1%          3
 Conjure Flame            Conj/Fire      72%        6-21      1%          3
 Dazzling Flash           Conj/Hex       100%       N/A       1%          3
 Frozen Ramparts          Ice            100%       1d12      1%          3
 Gell's Gravitas          Tloc           30%        N/A       1%          3
 Ignite Poison            Fire/Tmut/Pois 41%        N/A       1%          3
 Lesser Beckoning         Tloc           30%        N/A       1%          3
 Summon Guardian Golem    Hex/Summ       61%        N/A       1%          3
 Teleport Other           Tloc           61%        N/A       1%          3
 Passage of Golubria      Tloc           N/A        N/A       1%          4
 Sticky Flame             Conj/Fire      72%        2d9       1%          4
 Summon Ice Beast         Ice/Summ       62%        N/A       1%          4
 Yara's Violent Unravell  Hex/Tmut       24%        3d11      4%          5
 Ice Form                 Ice/Tmut       50%        N/A       5%          4
 Spider Form              Tmut/Pois      14%        N/A       9%          3
 Dispersal                Tloc           30%        N/A       28%         6
 Agony                    Necr           22%        N/A       75%         5
 Excruciating Wounds      Necr           11%        N/A       75%         5
 Summon Hydra             Summ           28%        N/A       95%         7
 Borgnjor's Revivificati  Necr           11%        N/A       100%        8
 Disjunction              Tloc           30%        N/A       100%        8
 Necromutation            Tmut/Necr      11%        N/A       100%        8
 Death's Door             Necr           11%        N/A       100%        9


Dungeon Overview and Level Annotations

Branches:
Dungeon (13/15)            Temple (0/1) D:7            Lair (6/6) D:9
 Shoals (0/4) Lair:4       Spider (3/4) Lair:4        Slime (0/5) Lair:6
    Orc (2/2) D:10            Elf (0/3) Orc:2
 Vaults: D:13-14

Altars:
Ashenzari
Fedhas
Nemelex Xobeh
Okawaru
Vehumet
Zin
Beogh
Jiyva

Shops:
D:2 [   D:6 *[   D:7 ?   D:9 *   D:10 (   Orc:1 =   Orc:2 ([[?

Portals:
Abyss: Spider:1

Annotations:
D:6 2 runed translucent doors
Spider:3 Arachne


Message History

The stream of webbing misses you. Arachne barely misses you.
Casting: Iron Shot (dangerous; 1% risk of failure)
Confirm with . or Enter, or press ? or * to list all spells.
Aiming: Iron Shot (dangerous; 1% risk of failure)
Press: ? - help, Shift-Dir - straight line, f/p - Arachne
Aim: Arachne (heavily wounded, 76% to hit)
The iron shot hits Arachne!!!
Arachne is severely wounded.
Arachne hits you.
Unknown command.
Casting: Iron Shot (dangerous; 1% risk of failure)
Confirm with . or Enter, or press ? or * to list all spells.
You don't have enough magic to cast this spell.
Unknown command.
Unknown command.
You sock Arachne!
Arachne is almost dead.
Arachne barely misses you. Arachne hits you.
You sock Arachne!
Arachne is almost dead.
Arachne hits you!
* * * LOW HITPOINT WARNING * * *
Arachne hits you!
* * * LOW HITPOINT WARNING * * *
Unknown command.
You feel better. Arachne hits you but does no damage.
Arachne says, "No one escapes my webs."
Arachne casts a spell at you. The bolt of poison hits you! You resist.
* * * LOW HITPOINT WARNING * * *
Casting: Iron Shot (dangerous; 1% risk of failure)
Confirm with . or Enter, or press ? or * to list all spells.
You erupt in a blast of force!
The mystic blast hits Arachne!
Arachne is almost dead.
Arachne is knocked back by the mystic blast.
Arachne stares at you and mumbles some strange words.
The poison arrow hits you!!
You are lethally poisoned!
You partially resist.
You die...

###.....#^..###
##^...##...##
##..##.....#
#####^.......# ###
#.^^###......##
####.####..........#.#
#...^...(....<....^^##
.................#.##
..........#...H.@###
....##.....#....##
.........########
......#### .#..###
.#### .# .# ^......#


You could see Arachne.

Vanquished Creatures
  2 tentacled starspawn (Spider:1)
  Frances (D:12)
  Gastronok (D:11)
  Donald (Orc:2)
  An entropy weaver (Spider:2)
  The ghost of ugugthedestroyer the Cleaver, a journeyman HOFi of Beogh (Spider:1)
  Snorg (D:10)
  A yaktaur captain (D:11)
  14 hydras
  A great orb of eyes (Spider:1)
  Harold (D:8)
  Erolcha (D:10)
  A boulder beetle (Lair:5)
  An ogre mage (Orc:2)
  2 catoblepae
  Erica (Orc:1)
  8 two-headed ogres
  7 death yaks
  2 thrashing horrors (Spider:1)
  A wretched star (Spider:1)
  Sonja (Lair:4)
  3 slime creatures (D:12)
  A goliath frog (Lair:6)
  A large abomination (Spider:1)
  2 deep trolls (Orc:2)
  2 lindwurms (Lair:1)
  3 oklob plants (Lair:3)
  14 wolf spiders
  2 orb spiders
  A deep elf pyromancer (D:7)
  5 cyclopes
  An orc sorcerer (Orc:2)
  2 worldbinders (Spider:1)
  Maurice (D:8)
  6 elephants
  5 black mambas
  3 merfolk sirens (Lair:4)
  33 cane toads
  An unseen horror (D:10)
  Maggie (D:6)
  A gargoyle (D:11)
  3 rime drakes
  A kobold demonologist (D:12)
  7 demonic crawlers
  9 komodo dragons
  12 jumping spiders
  4 meliai
  13 trolls
  2 polar bears
  Prince Ribbit (D:5)
  2 tyrant leeches (Lair:6)
  A hornet (Spider:2)
  A raiju (Spider:1)
  2 dancing weapons
  40 blink frogs
  A centaur simulacrum (D:9)
  A shadow (D:11)
  14 tarantellas
  40 redbacks
  A wraith (D:10)
  75 yaks
  3 wyverns
  A vampire (D:11)
  8 basilisks
  5 vampire mosquitoes
  4 wargs
  19 water moccasins
  2 acid dragons
  4 sky beasts
  18 orc warriors
  A swamp drake (D:9)
  An ice beast (D:5)
  23 ogres
  7 starcursed masses (Spider:1)
  11 wolves
  2 necrophages (D:5)
  A phantom (D:6)
  2 centaurs
  A kobold brigand (D:11)
  15 bullfrogs
  3 scorpions
  A wyvern zombie (D:6)
  A wyvern skeleton (D:5)
  4 killer bees (D:8)
  2 howler monkeys
  6 wights
  8 electric eels
  15 centaur zombies
  3 hounds
  A jelly (D:6)
  A gnoll shaman (D:6)
  17 orc priests
  A centaur skeleton (D:6)
  5 hell rats
  2 iguanas (D:4)
  17 orc wizards
  A hound zombie (D:5)
  A hound skeleton (D:4)
  A mummy (D:12)
  2 howler monkey zombies
  11 gnolls
  2 howler monkey skeletons (D:7)
  12 adders
  3 shadow imps
  An ufetubus (D:6)
  5 dart slugs
  A worm (D:2)
  67 orcs
  2 bats
  9 endoplasms
  3 giant cockroaches
  6 goblins
  11 hobgoblins
  2 jackals (D:1)
  13 kobolds
  3 quokkas
  14 ball pythons
  4 frilled lizards
  4 rats
761 creatures vanquished.

Vanquished Creatures (collateral kills)
  An ogre mage (Orc:2)
  2 two-headed ogres
  Urug (D:11)
  A komodo dragon (Lair:4)
  An orc warrior (D:10)
  3 centaurs
  An ogre (Orc:2)
  A wolf (Lair:4)
  2 orcs (D:10)
13 creatures vanquished.

Vanquished Creatures (others)
  A yak (Lair:4)
  A bush (Lair:6)
  120 fulminant prisms
  92 fungi
  159 plants
  2 starspawn tentacles (Spider:1)
  7 toadstools (Lair:1)
382 creatures vanquished.

Grand Total: 1156 creatures vanquished

Notes
Turn   | Place    | Note
-------+----------+-------------------------------------------
     0 | D:1      | bnorton916 the Deep Elf Conjurer began the quest for the
                  | Orb.
     0 | D:1      | Reached XP level 1. HP: 10/10 MP: 6/6
   134 | D:1      | Reached XP level 2. HP: 13/15 MP: 0/8
   691 | D:1      | Reached skill level 4 in Spellcasting
   694 | D:1      | Reached skill level 5 in Conjurations
   694 | D:1      | Reached XP level 3. HP: 19/19 MP: 2/10
  1396 | D:1      | Learned a level 2 spell: Searing Ray
  1772 | D:2      | Reached XP level 4. HP: 24/24 MP: 9/12
  1777 | D:2      | Learned a level 4 spell: Fulminant Prism
  1782 | D:2      | Learned a level 4 spell: Iskenderun's Mystic Blast
  2200 | D:2      | Found Dyaril's Antique Armour Boutique.
  2271 | D:2      | Reached skill level 5 in Spellcasting
  2573 | D:3      | Found a faded altar of an unknown god.
  2611 | D:3      | Reached XP level 5. HP: 28/28 MP: 11/14
  2666 | D:3      | Noticed a sky beast
  2671 | D:3      | Killed a sky beast
  2672 | D:3      | Reached skill level 6 in Spellcasting
  3283 | D:3      | Noticed a sky beast
  3289 | D:3      | Killed a sky beast
  3290 | D:3      | Reached XP level 6. HP: 32/32 MP: 8/17
  3369 | D:3      | Learned a level 3 spell: Tukima's Dance
  3418 | D:3      | Reached skill level 1 in Hexes
  3686 | D:4      | Reached skill level 1 in Translocations
  4533 | D:4      | You fall into a shaft and drop 2 floors!
  4586 | D:5      | Entered Level 5 of the Dungeon
  4590 | D:5      | Reached XP level 7. HP: 36/36 MP: 14/19
  4626 | D:5      | Noticed Prince Ribbit
  4630 | D:5      | Killed Prince Ribbit
  5170 | D:4      | Found a sparkling altar of Nemelex Xobeh.
  5359 | D:5      | Reached skill level 5 in Hexes
  5518 | D:5      | Reached skill level 5 in Translocations
  5518 | D:5      | Reached XP level 8. HP: 41/41 MP: 14/20
  6112 | D:5      | Found a glowing silver altar of Zin.
  6529 | D:6      | Noticed Maggie
  6538 | D:6      | Killed Maggie
  7133 | D:6      | Reached XP level 9. HP: 35/45 MP: 15/21
  7310 | D:6      | Found Zoociovi's Antique Armour Shop.
  7550 | D:6      | Found a radiant altar of Vehumet.
  7577 | D:6      | Became a worshipper of Vehumet
  8242 | D:6      | Reached skill level 1 in Armour
  8374 | D:6      | Found Picux's Assorted Antiques.
  8385 | D:6      | Found Roily's Antique Armour Emporium.
  8498 | D:2      | Bought a pair of polished gloves for 218 gold pieces
  8498 | D:2      | Identified the +0 pair of gloves of Awiatut {Rampage Str-4
                  | Dex+6} (You bought it in a shop on level 2 of the Dungeon)
  8775 | D:6      | Found a runed translucent door.
  8777 | D:6      | Found a runed translucent door.
  9284 | D:7      | Found a staircase to the Ecumenical Temple.
  9450 | D:7      | Noticed a deep elf pyromancer
  9797 | D:7      | Reached skill level 5 in Dodging
 10825 | D:7      | Killed a deep elf pyromancer
 11299 | D:7      | Found Hulyis's Magic Scroll Shop.
 11302 | D:7      | Bought a scroll of blinking for 97 gold pieces
 11302 | D:7      | Bought a scroll of identify for 26 gold pieces
 11302 | D:7      | Bought a scroll of identify for 26 gold pieces
 11303 | D:7      | Identified a scroll of acquirement
 11304 | D:7      | Acquired a +0 pair of gloves of strength
 11911 | D:8      | Noticed Harold
 12766 | D:8      | Reached XP level 10. HP: 42/50 MP: 17/22
 12769 | D:8      | Reached skill level 5 in Armour
 13504 | D:9      | Identified the +2 leather armour of the Present {Str+2
                  | Stlth+}
 13528 | D:9      | Reached * piety under Vehumet
 13528 | D:9      | Offered knowledge of Foxfire by Vehumet.
 14103 | D:9      | Learned a level 3 spell: Call Canine Familiar
 14318 | D:9      | Reached skill level 1 in Fighting
 14318 | D:9      | Reached skill level 1 in Summonings
 14554 | D:9      | Found a staircase to the Lair.
 15298 | D:9      | Found Nuumaati's Assorted Antiques.
 15583 | D:10     | Entered Level 10 of the Dungeon
 15712 | D:10     | Noticed Erolcha
 15721 | D:10     | Killed Erolcha
 15722 | D:10     | Reached skill level 5 in Summonings
 15722 | D:10     | Reached XP level 11. HP: 60/60 MP: 5/23
 15957 | D:8      | Noticed Maurice
 16128 | D:8      | Killed Maurice
 16417 | D:8      | Killed Harold
 16615 | D:10     | Offered knowledge of Freeze by Vehumet.
 16714 | D:10     | Reached ** piety under Vehumet
 17094 | D:10     | Found a blossoming altar of Fedhas.
 17104 | D:10     | Found a broken altar of Ashenzari.
 17236 | D:10     | HP: 3/62 [something (7)]
 17652 | D:10     | Found an iron altar of Okawaru.
 18215 | D:10     | Noticed Snorg
 18232 | D:10     | Reached skill level 7 in Spellcasting
 18696 | D:11     | Learned a level 4 spell: Fulminant Prism
 18738 | D:11     | Noticed Urug
 18789 | D:11     | Killed Urug
 18790 | D:11     | Reached skill level 5 in Fighting
 19099 | D:11     | Noticed Gastronok
 19581 | D:10     | Reached skill level 8 in Spellcasting
 19827 | D:10     | Found Sytopargh's Antique Weapon Boutique.
 19998 | D:10     | Found a staircase to the Orcish Mines.
 20118 | D:10     | Killed Snorg
 20925 | D:11     | Noticed a boulder beetle
 20937 | D:11     | Offered knowledge of Stone Arrow by Vehumet.
 20938 | D:11     | Reached skill level 9 in Spellcasting
 21249 | D:10     | Learned a level 3 spell: Stone Arrow
 21325 | Orc:1    | Entered Level 1 of the Orcish Mines
 21325 | Orc:1    | Noticed Erica
 21333 | Orc:1    | Killed Erica
 21651 | Orc:2    | Entered Level 2 of the Orcish Mines
 21962 | D:11     | Reached *** piety under Vehumet
 21994 | D:11     | Reached XP level 12. HP: 71/71 MP: 24/27
 22454 | D:11     | Killed Gastronok
 22455 | D:11     | Reached skill level 10 in Spellcasting
 22870 | D:11     | Found the +10 dark maul {vorpal}
 22872 | D:11     | Identified the amulet of Muupeak {Reflect Str+4 SH+5}
 22925 | D:11     | Noticed a yaktaur captain
 22934 | D:11     | Killed a yaktaur captain
 23577 | D:12     | Noticed a six-headed hydra
 23585 | D:12     | Killed a six-headed hydra
 23590 | D:12     | Reached skill level 10 in Conjurations
 24033 | D:12     | Offered knowledge of Airstrike by Vehumet.
 24034 | D:12     | Reached skill level 11 in Spellcasting
 24236 | D:12     | Reached skill level 5 in Earth Magic
 24804 | D:12     | Noticed a two-headed ogre
 24814 | D:12     | Killed a two-headed ogre
 24822 | D:12     | Noticed Frances
 24835 | D:12     | Killed Frances
 24836 | D:12     | Reached skill level 12 in Spellcasting
 25362 | D:12     | Learned a level 3 spell: Frozen Ramparts
 25830 | Lair:1   | Entered Level 1 of the Lair of Beasts
 25834 | Lair:1   | Reached XP level 13. HP: 75/75 MP: 31/31
 25836 | Lair:1   | Reached skill level 1 in Ice Magic
 26255 | Lair:1   | Reached **** piety under Vehumet
 27333 | Lair:1   | Found a runed translucent door.
 28165 | Lair:1   | Identified the +1 demon trident of the Vaults {venom, Fly
                  | rF++}
 28246 | Lair:2   | Reached skill level 13 in Spellcasting
 28257 | Lair:2   | Offered knowledge of Lightning Bolt by Vehumet.
 28462 | Lair:2   | Reached skill level 5 in Ice Magic
 29416 | Lair:2   | You are sucked into a shaft and drop 1 floor!
 30264 | Lair:3   | Reached skill level 14 in Spellcasting
 30936 | Lair:3   | Reached XP level 14. HP: 78/80 MP: 34/34
 31115 | Lair:3   | Identified the +11 quarterstaff of Reason {vorpal, rPois
                  | rF+ Dex+6 Stlth-}
 31119 | Lair:3   | Identified the +1 flail "Beast's Foe" {protect, MP+9}
 31632 | Lair:4   | Reached ***** piety under Vehumet
 31699 | Lair:4   | Offered knowledge of Iron Shot by Vehumet.
 31707 | Lair:4   | Learned a level 6 spell: Iron Shot
 31911 | Lair:4   | Noticed Sonja
 31917 | Lair:4   | Killed Sonja
 33559 | Lair:4   | Found a hole to the Spider Nest.
 33805 | Lair:4   | Found a staircase to the Shoals.
 34774 | Lair:5   | Reached skill level 1 in Poison Magic
 35322 | Lair:6   | Entered Level 6 of the Lair of Beasts
 35682 | Lair:6   | Offered knowledge of Starburst by Vehumet.
 37515 | Lair:5   | Reached skill level 10 in Fighting
 37886 | Lair:6   | Reached XP level 15. HP: 92/92 MP: 35/35
 38237 | Lair:6   | Learned a level 6 spell: Starburst
 38241 | Lair:6   | Learned a level 3 spell: Mephitic Cloud
 38312 | Lair:6   | Reached skill level 1 in Fire Magic
 38841 | Lair:6   | Reached skill level 10 in Earth Magic
 38890 | Lair:6   | Offered knowledge of Freezing Cloud by Vehumet.
 39341 | Lair:6   | Found a staircase to the Slime Pits.
 39341 | Lair:6   | Found a viscous altar of Jiyva.
 41423 | Orc:2    | Noticed Donald
 41566 | Orc:2    | Killed Donald
 41567 | Orc:2    | Reached skill level 1 in Air Magic
 42847 | Orc:1    | Found Hyent's Jewellery Shop.
 42987 | Orc:2    | Learned a level 5 spell: Freezing Cloud
 43637 | Orc:2    | Reached skill level 5 in Fire Magic
 44430 | Orc:2    | Found Onugeywn's Antique Weapon Shoppe.
 44431 | Orc:2    | Found Juoh's Antique Armour Emporium.
 44434 | Orc:2    | Found Vineph's Antique Armour Boutique.
 44448 | Orc:2    | Found Taosamea's Magic Scroll Shoppe.
 44457 | Orc:2    | Bought a scroll of identify for 30 gold pieces
 44457 | Orc:2    | Bought a scroll of identify for 30 gold pieces
 44457 | Orc:2    | Bought a scroll of blinking for 112 gold pieces
 44515 | Orc:2    | Found a staircase to the Elven Halls.
 44997 | Spider:1 | Entered Level 1 of the Spider Nest
 45046 | Spider:1 | Offered knowledge of Fireball by Vehumet.
 45054 | Spider:1 | Reached skill level 15 in Spellcasting
 46067 | Spider:1 | Found a transporter.
 46099 | Spider:1 | Found a transporter.
 46102 | Spider:1 | Noticed a tentacled starspawn
 46145 | Spider:1 | Found a one-way gate to the infinite horrors of the Abyss.
 46145 | Spider:1 | Noticed a tentacled starspawn
 46145 | Spider:1 | Noticed ugugthedestroyer's ghost (journeyman HOFi)
 46417 | Spider:1 | Reached XP level 16. HP: 63/101 MP: 28/37
 46426 | Spider:1 | HP: 5/101 [starcursed mass/accursed screaming (6)]
 46947 | Spider:1 | Killed a tentacled starspawn
 46975 | Spider:1 | Killed a tentacled starspawn
 47138 | Spider:1 | Killed ugugthedestroyer's ghost
 48820 | Spider:2 | Offered knowledge of Ozocubu's Refrigeration by Vehumet.
 49093 | Lair:1   | Learned a level 7 spell: Ozocubu's Refrigeration
 50225 | Spider:3 | Noticed Arachne
 50626 | Spider:3 | HP: 1/103 [Arachne/bolt of poison (14)]
 50627 | Spider:3 | Killed from afar by Arachne

Illustrated notes

Levels and vault maps discovered:
D:1:      amcnicky_arrival_blooded_trapdoor, layout_basic, serial_bayou_pond_b
D:2:      layout_basic, serial_shops, shop
D:3:      layout_basic, hellmonk_ecumenical_altar_zigzags
D:4:      layout_loops_corners, nemelex_dance_club_becter
D:5:      layout_loops_ring, mainiacjoe_overflow_brackets,
          roderic_roman_lattice, uniq_prince_ribbit1
D:6:      lemuel_insect_pit, layout_basic, lemuel_crystal_altar, serial_shops,
          shop_fountains, shop_statue, kennysheep_mini_moat, uniq_maggie
D:7:      layout_cave_pools, minmay_temple_entry_wispy, serial_shops, shop,
          grunt_potential
D:8:      layout_basic, uniq_maurice, uniq_harold
D:9:      layout_rooms, erik_lair_dragon, serial_shops, nicolae_shop_trees
D:10:     layout_layer_cave, mainiacjoe_overflow_large_starburst,
          nicolae_overflow_hidden_temple, erik_orc_3, serial_shops,
          kennysheep_little_box, serial_bayou_crossing, uniq_erolcha, uniq_snorg
D:11:     minmay_the_grid_four_pointed_star
          [minmay_the_grid_triangle_9x9_minimal,
          minmay_the_grid_triangle_9x9_steps,
          minmay_the_grid_triangle_9x9_impossible_snake,
          minmay_the_grid_triangle_9x9_warning,
          minmay_the_grid_prize_diamond_cup], layout_basic, uniq_gastronok,
          uniq_urug
D:12:     layout_basic, serial_undead, serial_undead_c, serial_undead_d,
          serial_undead_f, serial_undead_a, uniq_frances
D:13:     layout_gridville
Lair:1:   gammafunk_lair_enchanted_lake, layout_loops_ring, lemuel_fruit_tree
Lair:2:   layout_regular_city, grunt_megastairs_5
Lair:3:   layout_regular_city, minivault_23, minmay_lair_oklob_chamber,
          serial_bayou_shore_a, infiniplex_staircase_pool_2
Lair:4:   layout_regular_city, elwin_shoals_entry_rooms,
          spider_nest_entry_funnel_web, fungi_pond_lemuel, grunt_megastairs_1,
          uniq_sonja
Lair:5:   layout_big_grid
Lair:6:   minmay_lair_end_frog_pond, layout_layer_cave, slime_altar_1
Spider:1: layout_spider_delve, gammafunk_ghost_abyssal_escape,
          hangedman_spider_tarantella_strand
Spider:2: layout_spider_delve
Spider:3: layout_spider_delve, uniq_arachne
Orc:1:    layout_caves, serial_shops, nicolae_lakefront_shop, basic_altar,
          statue_in_the_mist_lemuel, uniq_erica
Orc:2:    st_orc_open, layout_diamond_mine, basic_altar, uniq_donald

Skill      XL: |  1  2  3  4  5  6  7  8  9 10 11 12 13 14 15 16 |
---------------+-------------------------------------------------+-----
Spellcasting   | 4 5 6 9 12 14 15 | 15.6
Conjurations   | 5 6 8 11 12 14 | 14.2
Hexes          | 3 6 8 9 |  9.1
Translocations | 2 5 7 |  7.5
Dodging        | 7 |  7.0
Armour         | 4 7 |  7.0
Fighting       | 3 6 10 12 | 12.7
Summonings     | 5 6 |  6.2
Earth Magic    | 6 9 11 | 11.7
Ice Magic      | 7 9 |  9.7
Poison Magic   | 2 |  2.0
Fire Magic     | 6 7 |  7.7
Air Magic      | 3 |  3.0
Stealth        | |  2.4

Action                   |  1- 3 |  4- 6 |  7- 9 | 10-12 | 13-15 | 16-18 || total
-------------------------+-------+-------+-------+-------+-------+-------++-------
Melee: Unarmed           |     1 |       |       |       |       |       ||     1
       Staff             |       |       |     6 |    10 |       |       ||    16
       Quarterstaff      |       |       |       |       |    27 |     9 ||    36
 Cast: Magic Dart        |    79 |    99 |    94 |    84 |    97 |     4 ||   457
       Searing Ray       |       |     6 |    43 |    89 |    30 |     1 ||   169
       Iskenderun's Myst |       |       |    25 |    73 |    70 |    20 ||   188
       Fulminant Prism   |       |       |    15 |    44 |    61 |     1 ||   121
       Tukima's Dance    |       |       |       |    15 |    16 |     4 ||    35
       Call Canine Famil |       |       |       |     7 |     2 |       ||     9
       Stone Arrow       |       |       |       |    48 |   468 |    83 ||   599
       Frozen Ramparts   |       |       |       |       |    11 |       ||    11
       Iron Shot         |       |       |       |       |    67 |    40 ||   107
       Freezing Cloud    |       |       |       |       |    11 |     4 ||    15
       Starburst         |       |       |       |       |     2 |     1 ||     3
       Mephitic Cloud    |       |       |       |       |       |     1 ||     1
Evoke: Wand              |       |       |       |     8 |       |       ||     8
  Use: Scroll            |       |       |    22 |     8 |     9 |     3 ||    42
       Potion            |       |       |       |     3 |     2 |     4 ||     9
Armor: Robe              |     2 |     3 |    14 |     2 |       |       ||    21
       Leather armour    |       |       |       |     9 |       |       ||     9
       Swamp dragon scal |       |       |       |   200 |   174 |    49 ||   423
Dodge: Dodged            |     8 |     9 |    79 |   153 |   185 |    48 ||   482
Block: Other             |       |       |       |    17 |    64 |    11 ||    92
       Reflection        |       |       |       |       |     1 |     1 ||     2
